[Event "Live Chess"]
[Site "Chess.com"]
[Date "2024.06.01"]
[Round "-"]
[White "gmnorfolk"]
[Black "KeithArkell"]
[Result "1-0"]
[WhiteElo "2068"]
[BlackElo "2474"]
[TimeControl "300"]
[EndTime "12:28:16 PDT"]
[Termination "gmnorfolk won by resignation"]

1. Nf3 d5 2. d4 Bg4 3. Ne5 Bf5 4. c4 c6 5. Nc3 e6 6. g3 Nd7 7. Nxd7 Qxd7 8. Qb3 Nf6 9. Bg2 Bd6 10. O-O O-O 11.
Bg5 Ne4 12. Nxe4 Bxe4 13. f3 Bg6 14. e4 dxe4 15. fxe4 Be7 16. Be3 Bf6 17. Rad1 Rfd8 18. e5 Be7 19. d5 cxd5 20. cxd5 exd5 21. Bxd5 Qe8 22. e6 fxe6 23. Bxb7 Rxd1 24. Rxd1 Rd8 25. Rxd8 Qxd8 26. Qxe6+ Bf7 27. Qc8 Qxc8 28. Bxc8 Bxa2 29.
Bxa7 Bb3 30. Bd4 Kf7 31. Kf2 h5 32. Bb7 Ke6 33. Be4 g5 34. Be3 h4 35. gxh4 gxh4 36. Bd4 Bd6 37. h3 Bg3+ 38. Kf3 Bd1+ 39. Kg2 Bb3 40. Bf2 Bxf2 41. Kxf2 Ke5 42. Ke3 Be6 43. Bg2 Bb3 44. Bf1 Kf5 45. Be2 Ke5 46. Bf3 Kf5 47.
Kd4 Kf4 48. Bg4 Kg3 49. Kc3 Bd5 50. b4 Kf4 51. Kd4 Bb7 52. Kc5 Ke5 53. Bd7 Bg2 54. b5 Kf6 55. Kd6 Kf7 56. b6 Bb7 57. Bc6 Ba6 58.
Bb5 Bc8 59. Kc7 1-0

[Event "Live Chess"]
[Site "Chess.com"]
[Date "2024.06.01"]
[Round "-"]
[White "Queensandpawns"]
[Black "Bob2pen"]
[Result "1-0"]
[WhiteElo "2388"]
[BlackElo "1916"]
[TimeControl "300"]
[EndTime "12:28:17 PDT"]
[Termination "Queensandpawns won by resignation"]

1. e4 e6 2. d4 d5 3. Nd2 Nf6 4.
e5 Nfd7 5. Ne2 c5 6. c3 Nc6 7.
Nf3 f6 8. exf6 Nxf6 9. dxc5 Bxc5 10. Ned4 Nxd4 11. Nxd4 O-O 12. Bd3 e5 13. Nb3 Bxf2+ 14. Kxf2 Ng4+ 15. Ke1 Qb6 16. Qe2 Nf2 17. Rf1 Bg4 18.
Be3 Nxd3+ 19. Qxd3 Rxf1+ 20. Kxf1 Qe6 21. Kg1 Rd8 22.
Re1 Bf5 23. Qd2 Be4 24. Bf2 Qf5 25. Nc5 Rf8 26. Nxe4 dxe4 27. Qe3 1-0

[Event "Live Chess"]
[Site "Chess.com"]
[Date "2024.06.01"]
[Round "-"]
[White "booktrunk"]
[Black "cymbalshift"]
[Result "0-1"]
[WhiteElo "1367"]
[BlackElo "1697"]
[TimeControl "300"]
[EndTime "12:28:19 PDT"]
[Termination "cymbalshift won by resignation"]

1. d4 Nf6 2. Nc3 d6 3. Bf4 g6 4. e4 Bg7 5. e5 dxe5 6. Bxe5 O-O 7.
Qd2 Nc6 8. Bg3 Qxd4 9. Qxd4 Nxd4 10. O-O-O Nh5 11. Bxc7 Bf5 12. f3 Bxc2 13. Rd2 Bh6 14. f4 Nxf4 15. Rxc2 Nxc2 16. Kxc2 Rac8 17. Bxf4 Bxf4 18.
g3 Bh6 19. Ne2 Rfd8 20. Bg2 Rd2+ 21. Kb3 e5 22. Bf3 f5 23. Rd1 e4 24. Rxd2 Bxd2 25. Bg2 a6 26. Kc2 Bh6 27. Kb3 b5 28. Nd5 Kf7 29.
Nec3 g5 30. h4 gxh4 31. gxh4 Ke6 32. Kb4 Bd2 33. a3 e3 34. Bf3 Rc4+ 35. Kb3 Rxh4 36. Be2 Rh2 37. Nf4+ Ke5 38. Nd3+ Kf6 39. Kc2 Bxc3 40.
Kxc3 Rxe2 0-1

[Event "Live Chess"]
[Site "Chess.com"]
[Date "2024.06.01"]
[Round "-"]
[White "TigerTank70"]
[Black "f4nomore"]
[Result "1-0"]
[WhiteElo "2187"]
[BlackElo "1202"]
[TimeControl "300"]
[EndTime "12:28:19 PDT"]
[Termination "TigerTank70 won by checkmate"]

1. e4 g6 2. d4 Bg7 3. Nc3 d6 4. Bg5 Nf6 5. Qd2 h6 6. Bf4 g5 7. Be3 O-O 8. Be2 Nbd7 9. h4 e5 10. hxg5 exd4 11. Bxd4 Nxe4 12. Nxe4 Bxd4 13. Qxd4 Ne5 14.
Nf6+ Kg7 15. Rxh6 Rh8 16. Nh5+ Kg8 17. Rxh8+ Kxh8 18. f4 c5 19. Qc3 Kg8 20. Nf6+ Kf8 21. fxe5 dxe5 22. Rd1 Qe7 23. Nf3 Bf5 24. Qxe5 Qxe5 25.
Nxe5 Bxc2 26. Rc1 Ba4 27. Rxc5 Rd8 28. Rc7 Rd1+ 29. Bxd1 Bxd1 30. Rxf7# 1-0

[Event "Live Chess"]
[Site "Chess.com"]
[Date "2024.06.01"]
[Round "-"]
[White "Hacker_2009"]
[Black "GwaryTek"]
[Result "0-1"]
[WhiteElo "2213"]
[BlackElo "2000"]
[TimeControl "300"]
[EndTime "12:28:29 PDT"]
[Termination "GwaryTek won by resignation"]

1. e4 Nf6 2. e5 Nd5 3. c4 Nb6 4. d4 d6 5. exd6 exd6 6. Nf3 Be7 7. Bd3 O-O 8. O-O Na6 9. a3 c6 10. Nc3 Nc7 11. b4 Bg4 12. h3 Bh5 13. Bb2 d5 14. c5 Nc4 15. Bxc4 dxc4 16. Re1 Bf6 17.
Ne4 Nd5 18. Nxf6+ Qxf6 19. Rc1 Nf4 20. Kh2 Nd3 21. Re5 Bxf3 22. gxf3 Nxb2 23. Qd2 Nd3 24. Rg1 Nxe5 0-1

[Event "Live Chess"]
[Site "Chess.com"]
[Date "2024.06.01"]
[Round "-"]
[White "Colm_Buckley"]
[Black "LL220284LL"]
[Result "0-1"]
[WhiteElo "1857"]
[BlackElo "2549"]
[TimeControl "300"]
[EndTime "12:28:33 PDT"]
[Termination "LL220284LL won by resignation"]

1. d4 Nf6 2. c4 e6 3. Nc3 Bb4 4. Qc2 O-O 5. a3 Bxc3+ 6. Qxc3 d5 7. Nf3 dxc4 8. Qxc4 b6 9. Bg5 Bb7 10. e3 Nbd7 11.
Be2 Rc8 12. O-O h6 13. Bh4 c5 14. dxc5 Nxc5 15. Qa2 g5 16. Nxg5 hxg5 17. Bxg5 Nce4 18. Bh4 Qd5 19. Bf3 Qxa2 20. Rxa2 Bd5 21. Raa1 Kg7 22.
Rac1 Nd2 23. Bxf6+ Kxf6 0-1

[Event "Live Chess"]
[Site "Chess.com"]
[Date "2024.06.01"]
[Round "-"]
[White "IanCalvert2"]
[Black "KwikPhoenix"]
[Result "0-1"]
[WhiteElo "1547"]
[BlackElo "2452"]
[TimeControl "300"]
[EndTime "12:29:01 PDT"]
[Termination "KwikPhoenix won by resignation"]

1. b3 a5 2. c4 a4 3. Bb2 e6 4.
bxa4 Nf6 5. Nc3 d5 6. cxd5 exd5 7. e3 Bd6 8. Nf3 c6 9. Be2 O-O 10. O-O Na6 11. d3 Qc7 12. e4 dxe4 13. Nxe4 Nxe4 14.
dxe4 Bg4 15. Qd4 f5 16. Rfd1 Bxf3 17. Bxf3 Bxh2+ 18. Kh1 Rad8 19. Qxg7+ Qxg7 20. Bxg7 Kxg7 21. Kxh2 Rxd1 22. Rxd1 fxe4 23. Bxe4 Rxf2 24. Rd7+ Kf6 25. Rxh7 Nc5 26. Bf3 Rxa2 27. Kh3 Rxa4 28. g4 Ra3 29. Kg2 Nd3 30. Rxb7 Ne1+ 31. Kf2 Nxf3 32. Rb6 Ne5 0-1

[Event "Live Chess"]
[Site "Chess.com"]
[Date "2024.06.01"]
[Round "-"]
[White "Tushinskiy"]
[Black "NottheBishopSacrifice"]
[Result "1-0"]
[WhiteElo "2263"]
[BlackElo "2251"]
[TimeControl "300"]
[EndTime "12:29:23 PDT"]
[Termination "Tushinskiy won by resignation"]

1. d4 d5 2. c3 Nf6 3. Nf3 Bf5 4. Bf4 e6 5. Nbd2 Bd6 6. Bg3 O-O 7. e3 c5 8. Nh4 Bg6 9. Nxg6 hxg6 10. Bd3 Nc6 11.
Nf3 Qe7 12. Ne5 Bxe5 13. dxe5 Nh5 14. f4 d4 15. e4 dxc3 16. bxc3 Rfd8 17. Qc2 Rac8 18.
O-O c4 19. Be2 Nxg3 20. hxg3 Qc5+ 21. Kh2 Qe3 22. Rad1 b5 23. Rf3 Qc5 24. Rdf1 b4 25.
Qc1 bxc3 26. Rxc3 Na5 27. Rff3 Qd4 28. Qa3 Qxe4 29. Qxa5 Qxe2 30. Rce3 Qd2 31. Rc3 Rd7 32. Qa6 Qd4 33. Qxc8+ Kh7 34. Qxc4 Qd1 35. g4 Rd2 36. Rcd3 1-0

[Event "Live Chess"]
[Site "Chess.com"]
[Date "2024.06.01"]
[Round "-"]
[White "uselessduffer"]
[Black "NAZRIZ1977"]
[Result "1-0"]
[WhiteElo "2427"]
[BlackElo "2137"]
[TimeControl "300"]
[EndTime "12:29:37 PDT"]
[Termination "uselessduffer won by resignation"]

1. e4 c5 2. Nc3 Nc6 3. Bb5 Nd4 4. Nf3 g6 5. Nxd4 cxd4 6. Ne2 Bg7 7. O-O e6 8. d3 Ne7 9. Ba4 O-O 10. f4 d5 11. e5 f6 12. exf6 Bxf6 13. Bd2 Bd7 14. Bb3 Rc8 15. Qe1 Nf5 16. Kh1 Qe8 17. Ng1 Ba4 18. Rc1 Bxb3 19. axb3 Rc6 20. c4 dxc3 21. bxc3 Qd7 22. Nf3 b5 23. c4 bxc4 24. bxc4 dxc4 25. dxc4 Rfc8 26. Bc3 Rc5 27. Bxf6 1-0

[Event "Live Chess"]
[Site "Chess.com"]
[Date "2024.06.01"]
[Round "-"]
[White "yarek"]
[Black "degringolade64"]
[Result "0-1"]
[WhiteElo "1730"]
[BlackElo "2109"]
[TimeControl "300"]
[EndTime "12:29:39 PDT"]
[Termination "degringolade64 won by checkmate"]

1. e4 e5 2. d4 exd4 3. Qxd4 Nc6 4. Qe3 Nf6 5. Nc3 Bb4 6. Bd2 O-O 7. O-O-O Re8 8. Qg3 Nxe4 9. Nxe4 Rxe4 10. Bh6 Qf6 11.
Bg5 Qe6 12. Kb1 Re1 13. Nf3 Rxd1+ 14. Bc1 Nd4 15. Nxd4 Rxc1+ 16. Kxc1 Qe1# 0-1

[Event "Live Chess"]
[Site "Chess.com"]
[Date "2024.06.01"]
[Round "-"]
[White "Nazar-Makarchuk"]
[Black "gobbles19"]
[Result "0-1"]
[WhiteElo "1505"]
[BlackElo "2245"]
[TimeControl "300"]
[EndTime "12:29:42 PDT"]
[Termination "gobbles19 won by resignation"]

1. e4 Nf6 2. Nc3 d6 3. Nf3 g6 4. d4 Bg7 5. e5 dxe5 6. dxe5 Qxd1+ 7. Nxd1 Ng4 8. h3 Nxe5 9. Nxe5 Bxe5 10. c3 O-O 11.
Bc4 Nd7 12. Ne3 Nb6 13. Bb3 a5 14. Nd5 Nxd5 15. Bxd5 c6 16. Bf3 Be6 17. Be3 Bc4 18. Be2 Bd5 19. Bf3 Bxf3 20. gxf3 a4 21. f4 Bf6 22. Ke2 Rfd8 23. Rhd1 e6 24. Rxd8+ Rxd8 25. Rd1 Rxd1 26. Kxd1 a3 27. bxa3 Bxc3 28. Kc2 Ba5 29. Kb3 f5 30. Ka4 Bc7 31. Kb4 Kf7 32. a4 Ke7 33. a5 Kd7 34. Bb6 Bxf4 35. Kc4 h5 36.
Kd3 g5 37. Ke2 g4 38. hxg4 fxg4 39. Kf1 h4 40. Kg2 h3+ 41. Kh1 Bc7 42. Bxc7 Kxc7 43. Kh2 c5 44. f3 gxf3 45. Kxh3 c4 46. Kg3 c3 47. Kxf3 c2 0-1

[Event "Live Chess"]
[Site "Chess.com"]
[Date "2024.06.01"]
[Round "-"]
[White "wadsy27"]
[Black "MagnersCarlsberg2870"]
[Result "1-0"]
[WhiteElo "2558"]
[BlackElo "1844"]
[TimeControl "300"]
[EndTime "12:29:59 PDT"]
[Termination "wadsy27 won by checkmate"]

1. d4 Nf6 2. Nf3 b6 3. g3 Bb7 4.
Bg2 d5 5. O-O h5 6. Bg5 Ne4 7. h4 f6 8. Be3 g5 9. hxg5 fxg5 10.
Nxg5 h4 11. Nxe4 dxe4 12. gxh4 Rxh4 13. f4 exf3 14. exf3 Qd5 15. Kf2 Qf5 16. Qd3 Be4 17. Qc4 Rh2 18. Kg1 Rxg2+ 19. Kxg2 Bd5 20. Qxc7 Na6 21.
Qe5 Qxc2+ 22. Rf2 Qg6+ 23. Qg3 Qd3 24. Nc3 Bb7 25. Re1 O-O-O 26. Rd2 Qf5 27. Rc1 e5 28. Nb5+ Kb8 29. Qxe5+ Qxe5 30. dxe5 Rxd2+ 31. Bxd2 Nc5 32. Nd6 Nd3 33. Rh1 Nxe5 34. Rh8 Ng6 35. Rg8 Bxf3+ 36. Kxf3 Ne5+ 37. Ke4 Kc7 38. Kxe5 Bxd6+ 39. Kd5 Bc5 40. Rg7+ Kd8 41. Ke6 a5 42. Bf4 Kc8 43. Rc7+ Kd8 44. Rc6 a4 45. Bg5+ Ke8 46. Rc8# 1-0

[Event "Live Chess"]
[Site "Chess.com"]
[Date "2024.06.01"]
[Round "-"]
[White "Eva3337"]
[Black "matt1979"]
[Result "0-1"]
[WhiteElo "1156"]
[BlackElo "1387"]
[TimeControl "300"]
[EndTime "12:30:01 PDT"]
[Termination "matt1979 won by resignation"]

1. e4 d6 2. d4 Nf6 3. Bd3 Nbd7 4. Nf3 e5 5. d5 Be7 6. O-O c6 7. c4 Qc7 8. h3 Nc5 9. Bc2 Ncxe4 10. Bxe4 Nxe4 11.
Qd3 f5 12. Nh2 Nc5 13. Qg3 Bf6 14. Bg5 Ne4 15. Qe3 Bxg5 16. f4 Bxf4 17. Rxf4 exf4 18. Qxf4 O-O 19. Nc3 Nxc3 20. bxc3 Qe7 21. Nf3 Qf6 22. Ng5 h6 23. Ne6 Bxe6 24. dxe6 Qxe6 25. Kf2 Rfe8 26. Kg1 Qe3+ 27. Qxe3 Rxe3 28. Kh2 Rxc3 0-1

[Event "Live Chess"]
[Site "Chess.com"]
[Date "2024.06.01"]
[Round "-"]
[White "Dhaydon19"]
[Black "NeilDruggan73"]
[Result "1-0"]
[WhiteElo "2696"]
[BlackElo "1733"]
[TimeControl "300"]
[EndTime "12:30:12 PDT"]
[Termination "Dhaydon19 won by resignation"]

1. d4 Nf6 2. Nf3 g6 3. g3 Bg7 4. Bg2 O-O 5. O-O d6 6. c3 Nc6 7. Nbd2 e5 8. dxe5 dxe5 9. Qc2 Bf5 10. e4 Be6 11. Ng5 Bd7 12. Rd1 h6 13. Ngf3 Qe7 14.
Nb3 Rad8 15. Be3 a6 16. Bc5 Qe8 17. Bxf8 Qxf8 18. Rd2 a5 19. Rad1 a4 20. Nc1 Qc5 21. Nd3 Qa5 22. Nb4 Nxb4 23. c4 Nxc2 1-0

[Event "Live Chess"]
[Site "Chess.com"]
[Date "2024.06.01"]
[Round "-"]
[White "StoreySniper"]
[Black "blunderabit"]
[Result "1-0"]
[WhiteElo "2532"]
[BlackElo "1820"]
[TimeControl "300"]
[EndTime "12:30:14 PDT"]
[Termination "StoreySniper won on time"]

1. c4 e5 2. g3 Be7 3. Bg2 f5 4. Nc3 Nf6 5. d4 d6 6. Nf3 e4 7. Ng5 h6 8. Nh3 g5 9. f3 exf3 10. exf3 O-O 11. Nf2 Nc6 12. h4 Nh7 13. hxg5 hxg5 14.
f4 g4 15. Bd5+ Kg7 16. Be3 Nf6 17. Bxc6 bxc6 18. Qd3 Rb8 19. O-O-O Bd7 20. d5 c5 21.
Kc2 Rb4 22. b3 a5 23. Bc1 a4 24. Bb2 axb3+ 25. axb3 Qb8 26. Na2 Rb6 27. Nxg4 Ba4 28.
Nc1 Bd7 29. Rde1 Qd8 30. Rh6 Kg8 31. Rg6+ Kh7 32. Rxe7+ Kxg6 33. Rxd7 Nxd7 34. Ne2 Qe7 35. Ne3 Qe4 36. Qxe4 fxe4 37. g4 Nf6 38. f5+ 1-0

[Event "Live Chess"]
[Site "Chess.com"]
[Date "2024.06.01"]
[Round "-"]
[White "TigerTank70"]
[Black "Bob2pen"]
[Result "1-0"]
[WhiteElo "2191"]
[BlackElo "1911"]
[TimeControl "300"]
[EndTime "12:30:17 PDT"]
[Termination "TigerTank70 won by resignation"]

1. e4 e6 2. d4 d5 3. e5 c5 4. c3 Nc6 5. Nf3 Qb6 6. a3 c4 7. Nbd2 f6 8. Be2 fxe5 9. Nxe5 Nxe5 10.
dxe5 Bc5 11. O-O Ne7 12. Bh5+ g6 13. Bg4 O-O 14. Rb1 Rxf2 15. Rxf2 Bxf2+ 16. Kh1 Bd7 17.
Nxc4 dxc4 18. Qxd7 Nf5 19. Bxf5 gxf5 20. Bh6 1-0

[Event "Live Chess"]
[Site "Chess.com"]
[Date "2024.06.01"]
[Round "-"]
[White "ossie57"]
[Black "bonantagulo"]
[Result "0-1"]
[WhiteElo "1652"]
[BlackElo "2105"]
[TimeControl "300"]
[EndTime "12:30:38 PDT"]
[Termination "bonantagulo won by resignation"]

1. c4 e5 2. Nc3 Nf6 3. d3 Nc6 4. g3 Bb4 5. Bg2 O-O 6. e4 Nd4 7. Ne2 c6 8. a3 Bxc3+ 9. bxc3 Nxe2 10. Qxe2 d5 11. cxd5 cxd5 12. exd5 Nxd5 13. Bd2 Re8 14. O-O f6 15. Rab1 Re7 16. Qe4 Be6 17. c4 Nb6 18.
Bb4 Rd7 19. c5 Bd5 20. Qg4 Bxg2 21. Kxg2 Nd5 22. Qe6+ Kh8 23. h4 Rc8 24. h5 h6 25.
Rfd1 Nxb4 26. axb4 Rc6 27. Qf5 Rd4 28. Rb3 Rc7 29.
Rc1 Qd5+ 30. Qf3 Qxb3 0-1

[Event "Live Chess"]
[Site "Chess.com"]
[Date "2024.06.01"]
[Round "-"]
[White "stevochess11"]
[Black "Richardallis"]
[Result "1-0"]
[WhiteElo "1688"]
[BlackElo "2007"]
[TimeControl "300"]
[EndTime "12:31:01 PDT"]
[Termination "stevochess11 won - game abandoned"]

1. d4 c5 2. d5 d6 3. Nf3 e5 4. dxe6 fxe6 5. g3 Nf6 6. Bg2 Nc6 7.
O-O d5 8. c3 Bd6 9. Bg5 O-O 10.
Nbd2 h6 11. Bxf6 Qxf6 12. e4 d4 13. cxd4 cxd4 14. Nb3 e5 15. Rc1 Bg4 16. Nbd2 Bb4 17. Qb3+ Be6 18. Qa4 a6 19. Rxc6 Bxd2 20. Rxe6 Qxe6 21.
Nxd2 b5 22. Qb3 Qxb3 23. Nxb3 Rac8 24. Rc1 Rxc1+ 25. Nxc1 Rc8 26. Nd3 Rc2 27. Nxe5 Rxb2 28. Nd3 Rxa2 29. e5 Kf7 30. Bd5+ Ke7 31. Bxa2 a5 32. f4 b4 33. Nc5 Kd8 34. Kf2 Kc7 35. Ke2 Kc6 36. Nb3 a4 37. Nxd4+ Kc5 38. Kd3 b3 39. Bxb3 axb3 40. Nxb3+ Kb4 41. Nd4 Kc5 42.
Ke4 Kb6 43. Kd5 Kc7 44. Ke6 Kd8 45. Kf7 Kd7 46. e6+ Kd6 47. e7 Kd5 48. e8=Q Kxd4 49. Qe5+ Kd3 50. Ke6 1-0

[Event "Live Chess"]
[Site "Chess.com"]
[Date "2024.06.01"]
[Round "-"]
[White "Crowded_House"]
[Black "ACM42"]
[Result "0-1"]
[WhiteElo "1736"]
[BlackElo "2221"]
[TimeControl "300"]
[EndTime "12:31:11 PDT"]
[Termination "ACM42 won by checkmate"]

1. d4 Nf6 2. Bg5 g6 3. c3 Bg7 4.
e3 O-O 5. Bd3 b6 6. Nf3 Bb7 7.
Nbd2 d6 8. O-O Nbd7 9. Re1 e5 10. dxe5 Nxe5 11. Nxe5 dxe5 12. Bc2 h6 13. Bh4 Qd7 14. Nb3 Qc6 15. f3 a5 16. e4 Rad8 17. Qe2 Rd6 18. Rad1 Rfd8 19. Rxd6 Rxd6 20. Rd1 a4 21. Rxd6 Qxd6 22. Nc1 a3 23. b3 Qc5+ 24. Bf2 Qxc3 25.
Qd3 Qb2 26. Qd1 Ba6 27. h3 Bf8 28. Kh2 Nd7 29. Be1 Qd4 30. Qxd4 exd4 31. Bd3 Bxd3 32. Nxd3 c5 33. Bf2 b5 34. Kg3 Bd6+ 35. f4 c4 36.
bxc4 bxc4 37. Ne5 Nxe5 38. fxe5 Bxe5+ 39. Kf3 d3 40. Bc5 Bb2 41. Ke3 Bc1+ 42. Kf2 c3 43. Ke1 c2 44. Bb4 Kg7 45. g3 Kf6 46. g4 Ke5 47. Bc3+ Kxe4 48. h4 Ke3 49. Kf1 d2 50. Bxd2+ Bxd2 51. Kg2 c1=Q 52. Kg3 Qg1+ 53. Kh3 Kf3 54. g5 Qh1# 0-1

[Event "Live Chess"]
[Site "Chess.com"]
[Date "2024.06.01"]
[Round "-"]
[White "nffc11"]
[Black "Bradfield133"]
[Result "0-1"]
[WhiteElo "1974"]
[BlackElo "1944"]
[TimeControl "300"]
[EndTime "12:31:22 PDT"]
[Termination "Bradfield133 won by resignation"]

1. d4 d6 2. Nf3 f5 3. b3 Nf6 4. Bb2 c6 5. g3 Qc7 6. Bg2 Nbd7 7.
O-O e5 8. c4 Be7 9. dxe5 dxe5 10. Nc3 O-O 11. e4 fxe4 12. Ng5 Nc5 13. Ncxe4 Nfxe4 14. Nxe4 Bf5 15. Qe2 Ne6 16. Rad1 Rad8 17. Rxd8 Rxd8 18. Rd1 Nd4 19. Qe3 Bg4 20. Rd2 Bb4 21.
Rxd4 exd4 22. Bxd4 b6 23. h3 Bf5 24. Ng5 Qd6 25.
Be5 Qg6 26. Bxc6 Qxc6 27. Bxg7 Kxg7 28. Qe7+ Bxe7 0-1

[Event "Live Chess"]
[Site "Chess.com"]
[Date "2024.06.01"]
[Round "-"]
[White "LanceMaster23"]
[Black "Brooms1989"]
[Result "1-0"]
[WhiteElo "1787"]
[BlackElo "1088"]
[TimeControl "300"]
[EndTime "12:31:24 PDT"]
[Termination "LanceMaster23 won by resignation"]

1. Nf3 Nf6 2. d4 g6 3. Bf4 Bg7 4. e3 Nd5 5. Bg3 c5 6. c3 cxd4 7. exd4 O-O 8. Bd3 Nc6 9. O-O d6 10. Re1 Bg4 11. Nbd2 e5 12. Qb3 Nb6 13. dxe5 Be6 14.
Qc2 dxe5 15. Nxe5 Nxe5 16. Bxe5 Nd5 17. Rad1 Rc8 18. Bxg7 Kxg7 19. Qb1 Nf4 20. Be4 Qg5 21. g3 f5 22. Nf3 Qf6 23. Bxb7 Rcd8 24. gxf4 1-0

[Event "Live Chess"]
[Site "Chess.com"]
[Date "2024.06.01"]
[Round "-"]
[White "nitrofish07"]
[Black "CarmelJane"]
[Result "1/2-1/2"]
[WhiteElo "2114"]
[BlackElo "2090"]
[TimeControl "300"]
[EndTime "12:31:33 PDT"]
[Termination "Game drawn by agreement"]

1. d4 Nf6 2. c4 e6 3. g3 c5 4. Nf3 cxd4 5. Nxd4 Nc6 6. Nc3 Bc5 7. e3 O-O 8. Bg2 Nxd4 9. exd4 Bb4 10.
O-O Rb8 11. a3 Bxc3 12. bxc3 b6 13. Bf4 d6 14. c5 bxc5 15. dxc5 e5 16. Be3 d5 17.
Bg5 Be6 18. Rb1 Qa5 19. Bxf6 gxf6 20. Rxb8 Rxb8 21. Bxd5 Rd8 22. c4 Qxc5 23. Qb3 Bxd5 24.
cxd5 Qxd5 25. Qe3 Qd4 26. Qh6 e4 27. Re1 Rc8 28. Qe3 Qxe3 29. Rxe3 f5 30. Rb3 Rc5 31. Kg2 a5 1/2-1/2

[Event "Live Chess"]
[Site "Chess.com"]
[Date "2024.06.01"]
[Round "-"]
[White "Demyan7777"]
[Black "educatedlad"]
[Result "1-0"]
[WhiteElo "1884"]
[BlackElo "1758"]
[TimeControl "300"]
[EndTime "12:31:38 PDT"]
[Termination "Demyan7777 won by checkmate"]

1. e4 Nf6 2. Nc3 c6 3. e5 Ng8 4. d4 d5 5. f4 Bf5 6. Bd3 Bxd3 7. Qxd3 e6 8. Nf3 Nd7 9. Bd2 Ne7 10. Ne2 Nf5 11. c4 dxc4 12. Qxc4 Nb6 13. Qb3 c5 14. dxc5 Bxc5 15. Qb5+ Nd7 16. Bb4 a6 17. Qa4 Bxb4+ 18. Qxb4 Ne3 19. Rc1 Nxg2+ 20. Kf2 Nh4 21. Rhd1 Nxf3 22.
Kxf3 Qe7 23. Qxe7+ Kxe7 24. Rc7 Rhd8 25. Rxb7 Rab8 26.
Rdxd7+ Rxd7 27. Rxb8 Rd2 28. Ke3 Rd1 29. a4 Rh1 30.
Rb7+ Ke8 31. Rb6 Rxh2 32. Rxa6 Rh3+ 33. Kd2 Rb3 34. Kc2 Re3 35. Nc3 Rf3 36. a5 Rxf4 37. Rd6 h5 38. a6 Rf2+ 39. Kb3 Rf1 40. a7 Ra1 41. Na2 Rxa2 42. Kxa2 Ke7 43. a8=Q h4 44. Qd8# 1-0

[Event "Live Chess"]
[Site "Chess.com"]
[Date "2024.06.01"]
[Round "-"]
[White "Plato_77"]
[Black "JohanKjeldahl"]
[Result "1/2-1/2"]
[WhiteElo "1305"]
[BlackElo "1812"]
[TimeControl "300"]
[EndTime "12:31:41 PDT"]
[Termination "Game drawn by stalemate"]

1. e4 c5 2. Nf3 e6 3. d4 cxd4 4. Nxd4 Nc6 5. Nc3 Nf6 6. a3 a6 7. Nxc6 bxc6 8. e5 Nd5 9. Ne4 f5 10. Nd6+ Bxd6 11. exd6 O-O 12. c4 Nf6 13. Be2 Qa5+ 14. b4 Qe5 15. Ra2 Ng4 16. h3 Nf6 17. O-O c5 18. Re1 Bb7 19. Bf3 Bxf3 20. gxf3 Qd4 21.
Qxd4 cxd4 22. c5 a5 23. b5 Rfc8 24. Rc2 Ne8 25. Bf4 g5 26. Bxg5 Nxd6 27. a4 Kf7 28.
Rec1 d3 29. Rc3 d2 30. Bxd2 Rg8+ 31. Kf1 Ne8 32. c6 dxc6 33. Rxc6 Nf6 34. Rc7+ Kg6 35. Ke2 Nd5 36. Rg1+ Kf6 37. Rxg8 Rxg8 38. Rxh7 Ra8 39. Kd3 Ke5 40. Be3 f4 41. Bd4+ Kf5 42. b6 Nb4+ 43. Kc4 e5 44. b7 Rd8 45. Ba7 Nc6 46.
Bb6 Rb8 47. Kb5 Nd4+ 48. Ka6 Nc6 49. Bc7 Rf8 50. Kb6 Rf6 51. Rf7 Rxf7 52. Kxc6 Rf8 53. b8=Q Rxb8 54. Bxb8 e4 55. fxe4+ Kxe4 56. Ba7 f3 57.
Kb5 Kf4 58. Kxa5 Kg5 59. Kb5 Kh4 60. Be3 Kxh3 61. a5 Kg2 62. a6 Kf1 63. a7 Ke2 64.
a8=Q Kd3 65. Qxf3 Kc2 66. Qe4+ Kb3 67. f4 Kb2 68. Bg1 Kc3 69. Qd4+ Kc2 70. Qe3 Kd1 71. f5 Kc2 72. f6 Kd1 73. f7 Kc2 74. f8=Q Kd1 75. Qff2 1/2-1/2

[Event "Live Chess"]
[Site "Chess.com"]
[Date "2024.06.01"]
[Round "-"]
[White "jimwad"]
[Black "PhilMaybury64"]
[Result "0-1"]
[WhiteElo "1232"]
[BlackElo "1413"]
[TimeControl "300"]
[EndTime "12:31:46 PDT"]
[Termination "PhilMaybury64 won on time"]

1. d4 Nf6 2. c4 e5 3. e3 exd4 4.
exd4 Bb4+ 5. Bd2 Qe7+ 6. Be2 Nc6 7. d5 Bxd2+ 8. Qxd2 Ne5 9. b3 d6 10. Nc3 Bf5 11.
Rc1 O-O 12. Kf1 Rfe8 13. Re1 Qd7 14. Nf3 Nxf3 15. Bxf3 Rxe1+ 16. Qxe1 Re8 17. Qd2 Bd3+ 18. Be2 Bxe2+ 19. Nxe2 Qe7 20. f3 Qe3 21. Qxe3 Rxe3 22. Kf2 Re7 23. Re1 Kf8 24. Nd4 a6 25. Rxe7 Kxe7 26.
Nf5+ Kf8 27. g4 g6 28. Nd4 Ke7 29. h4 Nd7 30. f4 Nc5 31. Ke3 Nd7 32. f5 Ne5 33. Kf4 Nd3+ 34. Kg5 Ne5 35. f6+ Kd7 36. h5 c5 37. dxc6+ bxc6 38. hxg6 hxg6 39. Kf4 c5 40.
Nf3 Nd3+ 41. Ke4 Nc1 42. Ng5 Nxa2 43. Nxf7 Ke6 44. Nd8+ Kxf6 45. Kd5 Kg5 46. Kxd6 Kxg4 47.
Kxc5 Kf3 48. Ne6 Nc3 49. Kb6 Kg4 50. c5 g5 51. Nxg5 Kxg5 52. c6 Nd5+ 53. Kc5 Nc7 54. Kd6 Nb5+ 55. Kc5 Kf6 0-1

[Event "Live Chess"]
[Site "Chess.com"]
[Date "2024.06.01"]
[Round "-"]
[White "Cruiseylee78"]
[Black "grillage"]
[Result "0-1"]
[WhiteElo "1688"]
[BlackElo "1876"]
[TimeControl "300"]
[EndTime "12:31:51 PDT"]
[Termination "grillage won by resignation"]

1. d4 e6 2. Bf4 Nf6 3. e3 c5 4.
Nf3 cxd4 5. exd4 Be7 6. Bd3 b6 7. c3 Ba6 8. Bc2 O-O 9. Nbd2 d6 10. Bb3 Nbd7 11. Qc2 Rc8 12. O-O-O b5 13. Kb1 b4 14. c4 Bb7 15. Ng5 h6 16. Ngf3 a5 17. Rhg1 Nb6 18. g4 a4 19. Bxa4 Nxc4 20. Nxc4 Be4 21. Rd3 d5 22. Nfe5 dxc4 23. Nxc4 Nd5 24. g5 Nxf4 25.
gxh6 g6 26. Ne5 0-1

[Event "Live Chess"]
[Site "Chess.com"]
[Date "2024.06.01"]
[Round "-"]
[White "mrsmarple1968"]
[Black "PatientChessPapa"]
[Result "1-0"]
[WhiteElo "1739"]
[BlackElo "776"]
[TimeControl "300"]
[EndTime "12:32:12 PDT"]
[Termination "mrsmarple1968 won on time"]

1. e4 c5 2. Nc3 a6 3. g3 b5 4. d3 Bb7 5. Bg2 e6 6. Nf3 d5 7. O-O d4 8. Ne2 Nf6 9. c3 Nc6 10. a3 e5 11. h3 Be7 12. Nh2 h5 13.
f4 g6 14. fxe5 Nxe5 15. Bf4 Nfd7 16. Nf3 f6 17. cxd4 cxd4 18. Nexd4 Qb6 19. Kh2 Rc8 20. Qd2 Bc5 21. Nb3 1-0

[Event "Live Chess"]
[Site "Chess.com"]
[Date "2024.06.01"]
[Round "-"]
[White "FlyingChessKestrel13"]
[Black "Ferrarifan27"]
[Result "1/2-1/2"]
[WhiteElo "2078"]
[BlackElo "2060"]
[TimeControl "300"]
[EndTime "12:32:32 PDT"]
[Termination "Game drawn - insufficient material"]

1. e4 e5 2. Nf3 Nc6 3. Bb5 a6 4. Ba4 Nf6 5. d3 b5 6. Bb3 Bc5 7. O-O d6 8. c3 O-O 9. d4 exd4 10. cxd4 Bb6 11. Bg5 h6 12. Bxf6 Qxf6 13. Bd5 Bb7 14. e5 dxe5 15. dxe5 Qg6 16. Qe2 Rad8 17. Be4 Qe6 18.
Nc3 Ba8 19. Rad1 Nd4 20. Nxd4 Bxd4 21. Bxa8 Bxc3 22. Rxd8 Rxd8 23. bxc3 Rxa8 24. f4 Rd8 25. f5 Qb6+ 26. Kh1 Qc5 27. f6 Re8 28. fxg7 Qxe5 29.
Qf3 Qxg7 30. h3 Re6 31. Qa8+ Kh7 32. Qb7 Re2 33. Qf3 Rxa2 34. Qe4+ Kh8 35. Rd1 Qf6 36.
Rd3 Qg6 37. Qd4+ Kh7 38. Qd5 Ra1+ 39. Kh2 Qd6+ 40. Qxd6 cxd6 41. Rxd6 Rc1 42. Rxa6 Rxc3 43. Rb6 Rb3 44. Kg1 Rb2 45. g4 b4 46. h4 b3 47.
g5 hxg5 48. hxg5 Kg7 49. Kh1 Rb1+ 50. Kg2 b2 51. Kh2 Kf8 52. Kg2 Ke7 53. Kh2 Kd8 54.
Rb3 Kd7 55. Rd3+ Ke6 56. Rb3 Kd5 57. Rb8 Ke4 58. Kg2 Kf4 59. Rb5 Rc1 60. Rxb2 Kxg5 61. Rb4 f5 62. Kf3 Rc3+ 63. Kf2 f4 64. Rb8 f3 65. Rg8+ Kf4 66. Rf8+ Ke4 67. Re8+ Kd5 68. Rf8 Ke6 69. Rxf3 Rxf3+ 70. Kxf3 1/2-1/2